 Dungeon Crawl Stone Soup version 0.31.0-12-g77e489cdc1 (webtiles) character file.

Game seed: 15286145018411701034

22 Gadfly the Sneak (level 2, 0/14 HPs)
             Began as a Spriggan Enchanter on Feb 20, 2024.
             Slain by an endoplasm (1 damage)
             ... on level 1 of the Dungeon.
             The game lasted 00:01:15 (728 turns).

Gadfly the Sneak (Spriggan Enchanter)                Turns: 728, Time: 00:01:15

Health: 0/14       AC:  2    Str:  4    XL:     2   Next: 68%
Magic:  2/6        EV: 17    Int: 16    God:
Gold:   40         SH:  0    Dex: 15    Spells: 4/6 levels left

rFire   . . .        a - +1 dagger
rCold   . . .        (no shield)
rNeg    . . .        b - +0 robe
rPois   .            (helmet restricted)
rElec   .            (no cloak)
rCorr   .            (gloves unavailable)
SInv    +            (boots unavailable)
Will    .....        (no amulet)
Stlth   +++          (no ring)
HPRegen 0.22/turn    (no ring)
MPRegen 0.10/turn

%: no passive effects
@: very quick
A: very small, no large weapons, unfitting armour, see invisible, speed 3
a: no special abilities


You were on level 1 of the Dungeon.
You visited 1 branch of the dungeon, and saw 1 of its levels.

You collected 40 gold pieces.

Inventory:

Hand Weapons
 a - a +1 dagger (weapon)
Armour
 b - a +0 robe (worn)
Potions
 c - 2 potions of invisibility
 d - a potion of curing {unknown}
 e - 2 potions of degeneration {unknown}
 f - a potion of haste {unknown}
 g - a potion of attraction {unknown}


   Skills:
 + Level 0.5 Fighting
 + Level 1.5 Short Blades
 + Level 2.9 Dodging
 + Level 4.6 Stealth
 + Level 2.9 Spellcasting
 + Level 3.8 Hexes
 + Level 1.0 Evocations


You had 4 spell levels left.
You knew the following spells:

 Your Spells              Type           Power      Damage    Failure   Level
a - Ensorcelled Hibernat  Hex/Ice        16%        N/A       13%         2

Your spell library contained the following spells:

 Spells                   Type           Power      Damage    Failure   Level
 Confusing Touch          Hex            14%        N/A       12%         3
 Tukima's Dance           Hex            14%        N/A       12%         3
 Dazzling Flash           Conj/Hex       16%        N/A       26%         3


Dungeon Overview and Level Annotations

Branches:
Dungeon (1/15)

Altars:


Innate Abilities, Weirdness & Mutations

You are very small and have problems with some larger weapons.
You are too small for most types of armour.
You have supernaturally acute eyesight. (SInv)
You cover ground extremely quickly. (Speed+++)


Message History

You kill the jackal!
You hit the jackal.
The jackal is heavily wounded.
The jackal completely misses you. The jackal misses you.
You hit the jackal.
The jackal is almost dead.
The jackal closely misses you.
You barely miss the jackal.
The jackal is almost dead.
The jackal bites you but does no damage.
You hit the jackal.
You kill the jackal!
Your Evocations skill increases to level 1!
You are too injured to fight recklessly!
Unknown command.
Casting: Ensorcelled Hibernation (safe; 13% risk of failure)
Confirm with . or Enter, or press ? or * to list all spells.
Aiming: Ensorcelled Hibernation (safe; 13% risk of failure)
Press: ? - help, Shift-Dir - straight line, f - endoplasm
Aim: an endoplasm (chance to affect: 59%)
The endoplasm resists with significant effort.
The endoplasm misses you.
Casting: Ensorcelled Hibernation (safe; 13% risk of failure)
Confirm with . or Enter, or press ? or * to list all spells.
You don't have enough magic to cast this spell.
Unknown command.
You hit the endoplasm but do no damage. The endoplasm closely misses you.
You hit the endoplasm.
The endoplasm is lightly wounded.
The endoplasm closely misses you.
You hit the endoplasm.
The endoplasm is moderately wounded.
The endoplasm freezes you.
You are frozen.
* * * LOW HITPOINT WARNING * * *
The endoplasm freezes you.
You are frozen.
* * * LOW HITPOINT WARNING * * *
The endoplasm hits you.
You die...

#...##.# #... ####..#.....
#8.8##.# #...##........###
#...##># #...#....#...##..
#♣.8#..# #.[.#....#...#..<
#...#.## #...#....#...##..
#8.♣#.# #...##...##...###
#...#.# #.........##...#
#8.8#.# ###...##....###.#
#...#†# #@#....##)....####
#8.8#.# #J##....###.....#
#...#.# #†###.....####..#
#♣.8#.# #†# ##.......#####
#..†#)###.##.####.....(...
#.......(.?..# ####......
.........###..###############
########.....)...........
#.####..####.##.h.


You could see an endoplasm.

Vanquished Creatures
  4 ball pythons (D:1)
  A bat (D:1)
  2 endoplasms (D:1)
  A giant cockroach (D:1)
  A goblin (D:1)
  A hobgoblin (D:1)
  4 jackals (D:1)
  2 kobolds (D:1)
  A quokka (D:1)
  A frilled lizard (D:1)
18 creatures vanquished.

Notes
Turn   | Place    | Note
-------+----------+-------------------------------------------
     0 | D:1      | Gadfly the Spriggan Enchanter began the quest for the Orb.
     0 | D:1      | Reached XP level 1. HP: 9/9 MP: 5/5
   444 | D:1      | Reached XP level 2. HP: 10/13 MP: 6/6
   514 | D:1      | Learned a level 2 spell: Ensorcelled Hibernation
   720 | D:1      | Reached skill level 1 in Evocations
   728 | D:1      | Slain by an endoplasm

Illustrated notes

Levels and vault maps discovered:
D:1:      dpeg_arrival_circle_labyrinth_c, layout_loops_ring,
          chequers_serial_rivers_micro_c, chequers_avenue

Skill      XL: |  1  2 |
---------------+-------+-----
Evocations     | 1 |  1.0
Fighting       | |  0.5
Short Blades   | |  1.5
Dodging        | |  2.9
Stealth        | |  4.6
Spellcasting   | |  2.9
Hexes          | |  3.8

Action                     || total
---------------------------++-------
  Melee: Dagger            ||   102
         Punch             ||     1
   Cast: Ensorcelled Hiber ||     5
   Stab: Sleeping          ||     2
 Armour: Robe              ||    30
  Dodge: Dodged            ||    96
